 Dungeon Crawl Stone Soup version 0.30-a0-1160-g6e42c06551 (webtiles) character file.

Game seed: 8034464905015945727

2314 BigDaddyOpFi the Grave Robber (level 9, -3/57 HPs)
             Began as a Mummy Necromancer on Apr 25, 2023.
             Was a Follower of Vehumet.
             Slain by a white ugly thing (4 damage)
             ... on level 7 of the Dungeon.
             The game lasted 00:11:15 (7264 turns).

BigDaddyOpFi the Grave Robber (Mummy Necromancer)   Turns: 7264, Time: 00:11:16

Health: -3/57      AC:  9    Str: 11    XL:     9   Next: 18%
Magic:  19/19      EV: 13    Int: 19    God:    Vehumet [*.....]
Gold:   369        SH:  0    Dex: 12    Spells: 13/21 levels left

rFire   x x .        f - +1 war axe (heavy)
rCold   + + +        (no shield)
rNeg    + + +        i - +2 robe {rC+}
rPois   ∞            (no helmet)
rElec   .            k - +1 cloak
rCorr   .            s - +1 pair of gloves
SInv    .            e - +0 pair of boots
Will    +....        h - amulet of magic regeneration
Stlth   ++           a - ring of ice
HPRegen 0.29/turn    (no ring)
MPRegen 0.56/turn

%: faith
@: silenced
A: cold resistance 1, negative energy resistance 3, torment resistance 2, heat
vulnerability 1, in touch with death 1, no potions, faith
a: Renounce Religion


You were on level 7 of the Dungeon.
You worshipped Vehumet.
Vehumet was aware of your devotion.
You visited 2 branches of the dungeon, and saw 8 of its levels.
You also visited: Sewer.

You collected 369 gold pieces.

Inventory:

Hand Weapons
 b - a +3 dagger
 f - a +1 heavy war axe (weapon)
Armour
 e - a +0 pair of boots (worn)
 i - a +2 robe of cold resistance (worn)
 k - a +1 cloak (worn)
 s - a +1 pair of gloves (worn)
Magical Staves
 l - the staff of air "Renorot" {rElec rF++ Str-3 Dex+4}
   (You found it in a sewer)

   [staff of air]

   Base accuracy: +5 Base damage: 5 Base attack delay: 1.2 This weapon's minimum
   attack delay (0.6) is reached at skill level 12.
   Str:       It affects your strength (-3).
   Dex:       It affects your dexterity (+4).
   rF:        It greatly protects you from fire.
   rElec:     It insulates you from electricity.
   It falls into the 'Staves' category.
   It is a one-handed weapon.
Jewellery
 a - a ring of ice (left hand)
 h - an amulet of magic regeneration (around neck)
 p - an amulet of guardian spirit
Wands
 n - a wand of charming (8)
 t - a wand of digging (4)
Scrolls
 d - a scroll of magic mapping
 g - a scroll of noise
 m - a scroll of amnesia
 q - a scroll of immolation
 r - 2 scrolls of vulnerability


   Skills:
 + Level 4.2 Axes
 + Level 4.5 Dodging
 + Level 4.9 Stealth
 + Level 6.6 Spellcasting
 * Level 7.6 Necromancy


You had 13 spell levels left.
You knew the following spells:

 Your Spells              Type           Power      Damage    Failure   Level
a - Necrotise             Necr           100%       1d9       1%          1
b - Vampiric Draining     Necr           52%        2d9       1%          3
c - Animate Dead          Necr           52%        N/A       4%          4

Your spell library contained the following spells:

 Spells                   Type           Power      Damage    Failure   Level
 Foxfire                  Conj/Fire      24%        2x1d5     11%         1
 Freeze                   Ice            36%        1d5       11%         1
 Agony                    Necr           52%        N/A       12%         5
 Call Canine Familiar     Summ           6%         N/A       30%         3
 Frozen Ramparts          Ice            18%        1d3       30%         3
 Hailstorm                Conj/Ice       9%         3d4       30%         3
 Portal Projectile        Hex/Tloc       12%        N/A       30%         3
 Leda's Liquefaction      Hex/Erth       3%         N/A       71%         4
 Manifold Assault         Tloc           6%         N/A       71%         4
 Dispersal                Tloc           3%         N/A       100%        6
 Disjunction              Tloc           3%         N/A       100%        8


Dungeon Overview and Level Annotations

Branches:
Dungeon (7/15)             Temple (1/1) D:5           Sewer (visited)

Altars:
Ashenzari
Cheibriados
Dithmenos
Fedhas
Gozag
Hepliaklqana
Kikubaaqudgha
Makhleb
Nemelex Xobeh
Okawaru
Qazlal
Ru
Sif Muna
Trog
Vehumet
Wu Jian
Xom

Shops:
D:5 (

Annotations:
Temple 2 transporters


Innate Abilities, Weirdness & Mutations

You are immune to poison.
Your flesh is cold resistant. (rC+)
You are immune to negative energy. (rN+++)
You are immune to unholy pain and torment.
You are vulnerable to heat. (rF-)
You are in touch with the powers of death.
You do not drink.
You have a special connection with the divine. (Faith)


Message History

Confirm with . or Enter, or press ? or * to list all spells.
You can't see any susceptible monsters within range! (Use Z to cast anyway.)
The wight hits you with a +0 long sword.
Casting: Animate Dead (dangerous; 4% risk of failure)
Confirm with . or Enter, or press ? or * to list all spells.
You can't see any susceptible monsters within range! (Use Z to cast anyway.)
You hit the wight but do no damage. The wight misses you.
You closely miss the wight. The wight hits you but does no damage.
The wight hits you with a +0 long sword.
You slash the wight!
The wight is almost destroyed.
The wight hits you with a +0 long sword!
* * * LOW HITPOINT WARNING * * *
The wight hits you with a +0 long sword.
* * * LOW HITPOINT WARNING * * *
You slash the wight!
You destroy the wight!
Vehumet accepts your kill.
The wight hits you with a +0 long sword.
* * * LOW HITPOINT WARNING * * *
You can't drink.
As you read the scroll of teleportation, it crumbles to dust.
You feel strangely unstable. The wight barely misses you.
Your surroundings suddenly seem different.
You can't drink.
As you read the scroll of silence, it crumbles to dust.
A profound silence engulfs you.
Your reaping aura is weakening.
Magic scrolls do not work when you're silenced!
You can't drink.
Magic scrolls do not work when you're silenced!
Magic scrolls do not work when you're silenced!
There is an open door here.
Your reaping aura expires.
You close the door.
A white ugly thing breaks down the door.
The white ugly thing trunk-slaps you!
* * * LOW HITPOINT WARNING * * *
The white ugly thing freezes you. You resist.
You die...

### #### ##.##
... ##...##.###
#####..........
#...........# #
#.@.....##...
##.u.........
##....#####
###.## # #.# .
#.# # ##'## #
##...## #
##.....## ### #


You could see a white ugly thing.

Vanquished Creatures
  Sigmund (D:2)
  A steam dragon (D:6)
  2 water moccasins
  2 orc warriors
  A sky beast (D:7)
  A centaur (D:6)
  2 phantoms (D:6)
  A kobold brigand (D:6)
  A bullfrog (Sewer)
  A scorpion (D:4)
  A wight (D:7)
  A howler monkey (D:7)
  3 jellies
  Crazy Yiuf (D:2)
  4 hounds
  3 orc priests
  Ijyb (D:3)
  Jessica (D:2)
  An iguana (D:6)
  Natasha (thrice) (D:2)
  6 orc wizards
  5 gnolls
  14 adders
  A river rat (D:3)
  A shadow imp (D:7)
  A white imp (D:6)
  An ufetubus (D:5)
  4 worms
  A dart slug (D:4)
  16 orcs
  6 endoplasms
  8 giant cockroaches
  10 goblins
  7 hobgoblins
  A jackal (D:4)
  9 kobolds
  7 quokkas
  18 ball pythons
  4 bats
  8 frilled lizards
  4 rats
164 creatures vanquished.

Vanquished Creatures (collateral kills)
  A bullfrog (Sewer)
  A shadow imp (D:7)
  A ball python (D:1)
  An endoplasm (D:1)
  A hobgoblin (D:3)
  2 quokkas
  A frilled lizard (Sewer)
8 creatures vanquished.

Vanquished Creatures (others)
  A sky beast zombie (D:7)
1 creature vanquished.

Grand Total: 173 creatures vanquished

Notes
Turn   | Place    | Note
-------+----------+-------------------------------------------
     0 | D:1      | BigDaddyOpFi the Mummy Necromancer began the quest for the
                  | Orb.
     0 | D:1      | Reached XP level 1. HP: 13/13 MP: 4/4
   169 | D:1      | Reached XP level 2. HP: 19/19 MP: 1/5
   556 | D:1      | Gained mutation: You are in touch with the powers of death.
                  | [Mummy growth]
   556 | D:1      | Reached XP level 3. HP: 24/24 MP: 4/7
   562 | D:1      | Learned a level 3 spell: Vampiric Draining
  1036 | D:2      | Noticed Natasha
  1043 | D:2      | Killed Natasha
  1165 | D:2      | Reached XP level 4. HP: 26/30 MP: 1/9
  1263 | D:2      | Noticed Natasha
  1274 | D:2      | Killed Natasha
  1361 | D:2      | Noticed Jessica
  1369 | D:2      | Killed Jessica
  1418 | D:2      | Reached XP level 5. HP: 35/35 MP: 6/10
  1499 | D:2      | Noticed Natasha
  1507 | D:2      | Killed Natasha
  1559 | D:2      | Reached skill level 1 in Axes
  1616 | D:2      | Found a faded altar of an unknown god.
  1618 | D:2      | Noticed Sigmund
  1634 | D:2      | Killed Sigmund
  1635 | D:2      | Reached skill level 5 in Necromancy
  1635 | D:2      | Reached XP level 6. HP: 21/41 MP: 1/12
  1727 | D:2      | Found a runed translucent door.
  1728 | D:2      | Noticed Crazy Yiuf
  1971 | D:2      | Killed Crazy Yiuf
  2191 | D:3      | Found a glowing drain.
  2213 | Sewer    | Entered a sewer
  2408 | Sewer    | Reached XP level 7. HP: 29/46 MP: 8/13
  2439 | Sewer    | Identified the staff of air "Renorot" {rElec rF++ Str-3
                  | Dex+4}
  2499 | D:3      | Noticed Ijyb
  2505 | D:3      | Killed Ijyb
  2549 | D:3      | Learned a level 4 spell: Animate Dead
  3038 | D:3      | Found a shadowy altar of Dithmenos.
  3042 | D:3      | Found a shimmering blue altar of Sif Muna.
  3042 | D:3      | Found a snail-covered altar of Cheibriados.
  3053 | D:3      | Found an ornate altar of the Wu Jian Council.
  3056 | D:3      | Found an iron altar of Okawaru.
  3523 | D:4      | Reached skill level 5 in Spellcasting
  3993 | D:5      | Entered Level 5 of the Dungeon
  4245 | D:5      | Reached skill level 6 in Necromancy
  4302 | D:5      | Reached XP level 8. HP: 52/52 MP: 13/16
  4336 | D:5      | Found Niodgheur's Weapon Boutique.
  4630 | D:5      | Found a staircase to the Ecumenical Temple.
  4665 | Temple   | Entered the Ecumenical Temple
  4665 | Temple   | Found a transporter.
  4665 | Temple   | Found a transporter.
  4668 | Temple   | Found a transporter.
  4668 | Temple   | Found a transporter.
  4682 | Temple   | Became a worshipper of Vehumet
  5183 | D:6      | Reached skill level 7 in Necromancy
  6183 | D:6      | Reached XP level 9. HP: 42/57 MP: 9/18
  6939 | D:7      | Reached * piety under Vehumet
  6939 | D:7      | Offered knowledge of Foxfire by Vehumet.
  7164 | D:7      | Noticed a white ugly thing
  7264 | D:7      | HP: 1/57 [white ugly thing (9)]
  7264 | D:7      | Slain by a white ugly thing

Illustrated notes

Levels and vault maps discovered:
D:1:      saegor_arrival_simple_e, layout_basic
D:2:      layout_rooms, hellmonk_ecumenical_altar_pennies_from_heaven,
          uniq_natasha, uniq_crazy_yiuf_cottage, uniq_jessica, uniq_sigmund
D:3:      layout_loops_corners, minmay_overflow_temple_star_hex,
          cheibrodos_sewer_entry_sluice, uniq_ijyb
D:4:      layout_basic, minmay_misc_feat_encased, grunt_decor_fettered,
          kennysheep_generic_room_15
D:5:      layout_rooms, minmay_temple_entry_large_hall, serial_shops,
          kennysheep_mini
D:6:      layout_basic, serial_co_window_serial, co_window_paths_a,
          co_window_paths_b, co_window_paths_a, co_window_corner_a,
          co_window_corner_a, co_window_broadway_b, co_window_corner_b,
          co_window_unsneaky_path_a, co_window_broadway_c, co_window_paths_e,
          co_window_4corner_b, glass_columns_c, glass_columns_c, glass_columns_a
D:7:      minmay_cornered_nines, layout_loops_corners
Temple:   hellmonk_temple_divided_pantheon

Skill      XL: |  1  2  3  4  5  6  7  8 |
---------------+-------------------------+-----
Spellcasting   | 3 4 5 6 |  6.6
Dodging        | 2 3 4 |  4.5
Stealth        | 2 3 4 |  4.9
Axes           | 1 2 3 4 |  4.2
Necromancy     | 5 6 7 |  7.6

Action                     |  1- 3 |  4- 6 |  7- 9 || total
---------------------------+-------+-------+-------++-------
  Melee: Dagger            |     9 |     8 |       ||    17
         War axe           |       |    10 |    68 ||    78
         Punch             |       |       |     1 ||     1
   Cast: Necrotise         |    55 |    90 |   175 ||   320
         Vampiric Draining |       |     5 |    22 ||    27
         Animate Dead      |       |       |     4 ||     4
    Use: Scroll            |     1 |     1 |    11 ||    13
   Stab: Sleeping          |       |       |     2 ||     2
 Armour: Robe              |     2 |    28 |    65 ||    95
  Dodge: Dodged            |    25 |    65 |   165 ||   255

Table legend: (Time is in decaauts)
 A = Elapsed time spent in this place.
 B = Non-inter-level travel time spent in this place.
 C = Inter-level travel time spent in this place.
 D = Time resting spent in this place.
 E = Time spent auto-exploring this place.
 F = Levels seen in this place.
 G = Mean time per level.
                   A        B        C        D        E       F      G
               +--------+--------+--------+--------+--------+-----+--------+
         Total |   7383 |   7136 |    247 |    993 |   4681 |   9 |  820.3 |
       Dungeon |   7057 |   6810 |    247 |    986 |   4581 |   7 | 1008.1 |
        Temple |     31 |     31 |      0 |      0 |      3 |   1 |   31.0 |
         Sewer |    294 |    294 |      0 |      7 |     97 |   1 |  294.0 |
               +--------+--------+--------+--------+--------+-----+--------+

Top non-repeatable levels by time:
     D:6: 1825 daAuts
     D:1: 1029 daAuts
     D:2: 1015 daAuts
     D:3: 963 daAuts
     D:4: 865 daAuts
     D:5: 782 daAuts
     D:7: 575 daAuts
   Sewer: 294 daAuts
  Temple: 31 daAuts
